 Dungeon Crawl Stone Soup version 0.23-a0-398-g8eab93f (webtiles) character file.

1023 XanderDroid the Cleaver (level 8, -4/71 HPs)
             Began as a Minotaur Berserker on Nov 3, 2018.
             Was an Elder of Trog.
             Engulfed by a cloud of freezing vapour (21 damage)
             ... on level 5 of the Dungeon.
             The game lasted 00:17:43 (4815 turns).

XanderDroid the Cleaver (Minotaur Berserker)        Turns: 4815, Time: 00:17:44

Health: -4/71      AC: 12    Str: 22    XL:     8   Next: 2%
Magic:  7/7        EV: 10    Int:  4    God:    Trog [****..]
Gold:   186        SH:  0    Dex: 15    Spells: 7/7 levels left

rFire    . . .     SeeInvis .   a - +0 hand axe
rCold    . . .     Gourm    .   (no shield)
rNeg     . . .     Faith    .   i - +0 chain mail
rPois    +         Spirit   .   (helmet restricted)
rElec    .         Reflect  .   m - +0 cloak
rCorr    .         Harm     .   (no gloves)
MR       .....                  r - +0 pair of boots
Stlth    ..........             (no amulet)
HPRegen  0.21/turn              l - +3 ring of dexterity
MPRegen  0.10/turn              o - ring of poison resistance

@: no status effects
A: retaliatory headbutt, horns 2
a: Berserk, Trog's Hand, Brothers in Arms, Renounce Religion


You were on level 5 of the Dungeon.
You worshipped Trog.
Trog was greatly pleased with you.
You were hungry.

You visited 2 branches of the dungeon, and saw 6 of its levels.

You collected 186 gold pieces.

Inventory:

Hand Weapons
 a - a +0 hand axe (weapon)
Armour
 i - a +0 chain mail (worn)
 m - a +0 cloak (worn)
 r - a +0 pair of boots (worn)
Jewellery
 l - a +3 ring of dexterity (left hand)
 o - a ring of poison resistance (right hand)
Scrolls
 b - a scroll of fear {unknown}
 d - 2 scrolls of remove curse
 e - 4 scrolls of teleportation
 p - 2 scrolls of enchant weapon {unknown}
 q - a scroll of magic mapping {unknown}
 t - a scroll of enchant armour {unknown}
Potions
 f - a potion of degeneration {unknown}
 g - 2 potions of invisibility
 j - 2 potions of haste {unknown}
 k - 2 potions of heal wounds
 n - a potion of flight {unknown}
 s - a potion of lignification {unknown}
Comestibles
 c - 9 rations


   Skills:
 + Level 6.5 Fighting
 * Level 8.2 Axes
 + Level 5.3 Armour
 - Level 3.5 Dodging
 - Level 1.4 Stealth


You had 7 spell levels left.
You didn't know any spells.
Your spell library was empty.

Dungeon Overview and Level Annotations

Branches:
Dungeon (5/15)             Temple (1/1) D:4

Altars:
Ashenzari
Cheibriados
Dithmenos
Fedhas
Gozag
Hepliaklqana
Kikubaaqudgha
Makhleb
Nemelex Xobeh
Qazlal
Ru
Sif Muna
Trog
Uskayaw
Vehumet
Wu Jian
Xom
Yredelemnul
Zin

Shops:
D:5 %


Innate Abilities, Weirdness & Mutations

You reflexively headbutt those who attack you in melee.
You have a pair of horns on your head.


Message History

a cursed -1 hand axe; a +0 leather armour; a +0 dagger; a +0 robe an orc skeleton All of the chunks of flesh in your inventory have rotted away.
Partly explored, can't reach some items.
You are feeling hungry.
You open the door.
Press: ? - help, v - describe, . - travel The floor.
There is a cloud of freezing vapour here.
Unknown command.
Really walk into a travel-excluded area?
Uppercase [Y]es or [N]o only, please.
Really walk into a travel-excluded area?
There is an open door here.
You are engulfed in freezing vapours.
You are engulfed in freezing vapours.
You are engulfed in freezing vapours.
* * * LOW HITPOINT WARNING * * *
You are engulfed in freezing vapours.
You die...

#.............#.#.#.##.#.#.#####
#....####'#.#.#§#.#.#..#.#.#
#.#.#.#.#.#.#.#§#.#.#.##.#.#
#.#.#..(#.#.#.#§#.#.#.##.#.#
##.#.#.#.#.#.#.#§#.#.#.##.#.#
.....#.#.#.#.#.#§#.#.#....#.#
.........#...#.#§#$#.######.#####
.....#.#######.#§#$#...([.(((...#
........<..# #.#@#$########..)...
.........#.# #)'.#$## #......
.........#.# #.#.#$## #......
.........#.# #.###### #......
##.#.....#.# #......# #......
#.#..##.#.# #.####.# #......
#.#.....#.# #.# #.# #......
#.##.##.#.# #.# #.## #......
#.##.####.# #.# #..# #.####.


There were no monsters in sight!

Vanquished Creatures
  Menkaure (D:5)
  A necrophage (D:5)
  An ogre (D:5)
  A scorpion (D:5)
  A howler monkey (D:4)
  A crimson imp (D:5)
  6 orc wizards
  4 orc priests
  An iguana (D:5)
  3 worker ants
  A hound zombie (D:5)
  3 gnolls (D:2)
  6 adders
  A shadow imp (D:5)
  2 oozes
  An adder skeleton (D:5)
  A worm (D:2)
  2 dart slugs
  2 leopard geckos (D:5)
  18 orcs
  4 giant cockroaches
  5 goblins
  7 hobgoblins
  11 jackals
  6 kobolds
  A ball python (D:4)
  5 bats
  5 frilled lizards
  11 rats
112 creatures vanquished.

Notes
Turn   | Place    | Note
-------+----------+-------------------------------------------
     0 | D:1      | XanderDroid the Minotaur Berserker began the quest for the
                  | Orb.
     0 | D:1      | Reached XP level 1. HP: 19/19 MP: 0/0
   146 | D:1      | Reached XP level 2. HP: 25/27 MP: 1/1
   148 | D:1      | Reached skill level 4 in Axes
   271 | D:1      | Reached ** piety under Trog
   441 | D:1      | You fall through a shaft!
   447 | D:2      | Reached XP level 3. HP: 32/33 MP: 2/2
   845 | D:2      | Reached XP level 4. HP: 23/41 MP: 3/3
  1158 | D:2      | Reached skill level 5 in Axes
  1779 | D:3      | Reached *** piety under Trog
  1838 | D:3      | Found a shattered altar of Ashenzari.
  1963 | D:3      | Found a sparkling altar of Nemelex Xobeh.
  2036 | D:3      | Reached XP level 5. HP: 47/47 MP: 4/4
  2081 | D:3      | Found a bloodstained altar of Trog.
  2562 | D:3      | Reached skill level 5 in Fighting
  2569 | D:4      | Found a staircase to the Ecumenical Temple.
  2578 | Temple   | Entered the Ecumenical Temple
  2779 | D:4      | Found a shadowy altar of Dithmenos.
  2901 | D:4      | Reached skill level 1 in Stealth
  2928 | D:4      | Reached XP level 6. HP: 45/56 MP: 5/5
  2978 | D:4      | Reached skill level 6 in Axes
  3388 | D:5      | Entered Level 5 of the Dungeon
  3414 | D:5      | Reached XP level 7. HP: 56/62 MP: 6/6
  3467 | D:5      | Reached skill level 7 in Axes
  3823 | D:5      | Reached **** piety under Trog
  4017 | D:5      | Noticed Menkaure
  4025 | D:5      | Killed Menkaure
  4025 | D:5      | Reached skill level 5 in Armour
  4143 | D:5      | Reached skill level 8 in Axes
  4508 | D:5      | Found Ruisoamm's Food Emporium.
  4525 | D:5      | Reached XP level 8. HP: 47/71 MP: 7/7
  4815 | D:5      | Engulfed by a cloud of freezing vapour

Vault maps used:
D:1:      sevenhm_arrival_forest_fort_small_3, grunt_decor_resistance
D:2:      minmay_wonky_spiral, first_ration, chequers_hall_statues_y
D:3:      ashenzari_altar_1, lemuel_crystal_altar, trog_three_pillars_becter
D:4:      nicolae_overflow_crystal_walls, minmay_temple_entry_junction
D:5:      lemuel_ice_spiral_2, serial_shops, shop, uniq_menkaure
Temple:   eino_temple_scatter_basement

Skill      XL: |  1  2  3  4  5  6  7 |
---------------+----------------------+-----
Axes           | 4 5 6 8 |  8.2
Fighting       | 4 5 6 |  6.5
Dodging        | 3 |  3.5
Armour         | 3 4 5 |  5.3
Stealth        | 1 |  1.4

Action                   |  1- 3 |  4- 6 |  7- 9 || total
-------------------------+-------+-------+-------++-------
Melee: Hand axe          |    74 |   112 |    90 ||   276
       Headbutt          |    17 |    30 |    24 ||    71
Invok: Berserk           |       |     1 |     1 ||     2
  Use: Scroll            |       |     5 |       ||     5
 Stab: Sleeping          |     1 |     2 |       ||     3
  Eat: Chunk             |       |     5 |     5 ||    10
       Ration            |       |     1 |       ||     1
Armor: Animal skin       |     9 |     5 |       ||    14
       Scale mail        |       |    30 |       ||    30
       Chain mail        |       |     4 |    28 ||    32
Dodge: Dodged            |    44 |    71 |    31 ||   146

Table legend:
 A = Non-vault XP
 B = Vault XP
 C = Vault XP percentage of total XP
 D = Non-vault monster count
 E = Vault monster count
 F = Vault count percentage of total count
                 A         B        C        D         E       F
            +---------+---------+-------+---------+---------+-------
      Total |    1288 |     174 |  11.9 |     109 |       3 |   2.7
            +---------+---------+-------+---------+---------+-------
        D:1 |      40 |       0 |   0.0 |      23 |       0 |   0.0
        D:2 |     133 |       2 |   1.5 |      25 |       2 |   7.4
        D:3 |      83 |       0 |   0.0 |      14 |       0 |   0.0
        D:4 |     392 |       0 |   0.0 |      21 |       0 |   0.0
        D:5 |     640 |     172 |  21.2 |      26 |       1 |   3.7
            +---------+---------+-------+---------+---------+-------
